[gd_scene load_steps=7 format=3 uid="uid://dl2mihcm0j30h"]

[ext_resource type="Script" path="res://scripts/GameMaster.gd" id="1_dnhcq"]
[ext_resource type="PackedScene" uid="uid://desckq6fq1qr" path="res://prefabs/vaisseau_joueur.tscn" id="1_u5pul"]
[ext_resource type="LabelSettings" uid="uid://bouuo6vgj3a48" path="res://settings/game.tres" id="2_a2jrf"]
[ext_resource type="PackedScene" uid="uid://cl2v1csylr15x" path="res://prefabs/big_asteroid.tscn" id="3_6awth"]
[ext_resource type="PackedScene" uid="uid://dt4qjv2r0eypq" path="res://prefabs/medium_asteroid.tscn" id="4_r0irl"]
[ext_resource type="PackedScene" uid="uid://ba31dh2xf2d67" path="res://prefabs/small_asteroid.tscn" id="5_vykod"]

[node name="Game" type="Node"]
script = ExtResource("1_dnhcq")
playerPrefab = ExtResource("1_u5pul")
bigAsteroid = ExtResource("3_6awth")
mediumAsteroid = ExtResource("4_r0irl")
smallAsteroid = ExtResource("5_vykod")

[node name="ColorRect" type="ColorRect" parent="."]
offset_right = 1280.0
offset_bottom = 720.0
size_flags_horizontal = 4
size_flags_vertical = 4
color = Color(0, 0, 0, 1)

[node name="Score" type="Label" parent="ColorRect"]
unique_name_in_owner = true
layout_mode = 1
offset_right = 150.0
offset_bottom = 37.0
text = "Test"
label_settings = ExtResource("2_a2jrf")
vertical_alignment = 1

[node name="LifePoint" type="Label" parent="ColorRect"]
unique_name_in_owner = true
top_level = true
layout_mode = 1
offset_top = 37.0
offset_right = 150.0
offset_bottom = 74.0
text = "Test"
label_settings = ExtResource("2_a2jrf")
vertical_alignment = 1

[node name="VaisseauJoueur" parent="." instance=ExtResource("1_u5pul")]

[connection signal="player_dead" from="VaisseauJoueur" to="." method="_on_vaisseau_joueur_player_dead"]
